 Dungeon Crawl Stone Soup version 0.22-a0-292-g0df9d5f (webtiles) character file.

1297 b5mith the Skirmisher (level 8, 0/73 HPs)
             Began as a Minotaur Berserker on Mar 23, 2018.
             Was a Priest of Trog.
             Slain by a hound (1 damage)
             ... while paralysed by Grinder
             ... on level 6 of the Dungeon.
             The game lasted 00:13:38 (5260 turns).

b5mith the Skirmisher (Minotaur Berserker)          Turns: 5260, Time: 00:13:38

Health: 0/73       AC: 13    Str: 28    XL:     8   Next: 31%
Magic:  7/7        EV:  2    Int:  4    God:    Trog [***...]
Gold:   48         SH:  0    Dex: 10    Spells: 7/7 levels left

rFire    . . .     SeeInvis .   a - +0 falchion
rCold    . . .     Gourm    .   (no shield)
rNeg     . . .     Faith    .   u - +0 chain mail
rPois    .         Spirit   .   (helmet restricted)
rElec    .         Reflect  .   (no cloak)
rCorr    .         Harm     .   G - +0 pair of gloves
MR       .....                  J - +1 pair of boots
Stlth    ..........             (no amulet)
HPRegen  0.22/turn              A - +4 ring of strength
MPRegen  0.10/turn              v - +5 ring of evasion

@: paralysed
A: retaliatory headbutt, horns 2
a: Berserk, Trog's Hand, Renounce Religion


You were on level 6 of the Dungeon.
You worshipped Trog.
Trog was most pleased with you.
You were not hungry.

You visited 1 branch of the dungeon, and saw 6 of its levels.

You collected 264 gold pieces.
You spent 216 gold pieces at shops.

Inventory:

Hand Weapons
 a - a +0 falchion (weapon)
 b - a +0 shortbow
 l - a -3 whip
 E - the +0 rapier of the Priest {pierce, rC+ MR+ MP+9}
   (You bought it in a shop on level 5 of the Dungeon)

   It inflicts extra damage upon your enemies.
   It protects you from cold.
   It affects your resistance to hostile enchantments.
   It affects your magic capacity (+9).
 I - a +0 hand crossbow
Missiles
 x - 39 arrows
 D - 3 javelins (quivered)
Armour
 s - a +0 ring mail
 u - a +0 chain mail (worn)
 C - a +1 animal skin
 G - a +0 pair of gloves (worn)
 J - a +1 pair of boots (worn)
Jewellery
 g - an uncursed ring of ice
 v - a +5 ring of evasion (right hand)
 z - an uncursed ring of poison resistance
 A - a +4 ring of strength (left hand)
 B - a cursed -2 ring of strength
Wands
 w - a wand of disintegration (14)
Scrolls
 d - 3 scrolls of immolation
 e - 4 scrolls of enchant weapon {unknown}
 f - 4 scrolls of identify {@r1}
 n - 3 scrolls of remove curse {@r2}
 o - 2 scrolls of amnesia {unknown}
 p - a scroll of random uselessness {unknown}
 q - a scroll of enchant armour
 y - 2 scrolls of magic mapping
 F - a scroll of fear {unknown}
Potions
 h - 3 potions of curing {@q1}
 i - 2 potions of agility {unknown}
 j - 4 potions of lignification {unknown}
 k - 6 potions of heal wounds {unknown}
 m - a potion of might {unknown}
 r - 2 potions of mutation {unknown}
 t - a potion of degeneration {unknown}
Comestibles
 c - 6 rations


   Skills:
 + Level 7.0 Fighting
 + Level 7.0 Long Blades
 + Level 6.5 Armour
 + Level 5.9 Dodging


You had 7 spell levels left.
You didn't know any spells.

Dungeon Overview and Level Annotations

Branches:
Dungeon (6/15)
 Temple: D:4-7

Altars:
Dithmenos
Fedhas
Kikubaaqudgha
Makhleb
Okawaru
Trog
The Shining One

Shops:
D:5 }[%(!

Annotations:
D:6 Grinder


Innate Abilities, Weirdness & Mutations

You reflexively headbutt those who attack you in melee.
You have a pair of horns on your head.


Message History

The hound bites you.
* * * LOW HITPOINT WARNING * * *
Grinder hits you.
* * * LOW HITPOINT WARNING * * *
You writhe in agony.
* * * LOW HITPOINT WARNING * * *
The shadow imp hits you but does no damage.
The hound bites you but does no damage. Grinder hits you but does no damage.
The hound bites you but does no damage.
The shadow imp hits you but does no damage.
The hound bites you.
* * * LOW HITPOINT WARNING * * *
Grinder hits you.
* * * LOW HITPOINT WARNING * * *
You writhe in agony.
* * * LOW HITPOINT WARNING * * *
The shadow imp hits you.
* * * LOW HITPOINT WARNING * * *
The hound bites you.
You die...

#.# #.# ###.# #.# .#
#.#######.# #.# .# #
#.##......# #.# .#.#
#.##......# #.# .#.
#.#........ #.# ..
#.#.......# #.# .#
.#.#.......#
#.##h#...#.#.#####.#
#..@5Zo..#...# #.#
####5#o..###.#####.#
.# .# #>....... .#
#######.# .# #####.#
.# #.....# .#
#....># .# #.....#
#####.#


You could see Grinder, a hound, a shadow imp, 2 orcs and a wyvern skeleton.

Vanquished Creatures
  An orc warrior (D:6)
  An ice beast (D:6)
  A centaur (D:6)
  3 ogres
  Blork the orc (D:5)
  A bullfrog (D:6)
  A vampire bat (D:5)
  A howler monkey (D:4)
  A crimson imp (D:6)
  A bullfrog zombie (D:6)
  An orc priest (D:6)
  3 hounds
  2 orc wizards (D:5)
  2 iguanas (D:4)
  4 worker ants
  A hound zombie (D:6)
  3 gnolls (D:6)
  5 adders
  2 shadow imps
  A dart slug (D:3)
  7 leopard geckos
  6 orcs
  6 bats
  3 bat skeletons (D:5)
  3 bat zombies (D:5)
  3 giant cockroaches
  3 hobgoblins
  6 jackals
  7 kobolds
  A quokka (D:2)
  5 frilled lizards (D:1)
  5 goblins
  11 rats
102 creatures vanquished.

Notes
Turn   | Place    | Note
-------+----------+-------------------------------------------
     0 | D:1      | b5mith the Minotaur Berserker began the quest for the Orb.
     0 | D:1      | Reached XP level 1. HP: 19/19 MP: 0/0
    60 | D:1      | Reached XP level 2. HP: 21/27 MP: 1/1
   625 | D:1      | Reached XP level 3. HP: 33/33 MP: 2/2
   780 | D:1      | Reached ** piety under Trog
  1259 | D:2      | Reached XP level 4. HP: 31/40 MP: 3/3
  2405 | D:3      | Found a glowing golden altar of the Shining One.
  2641 | D:4      | Reached XP level 5. HP: 35/47 MP: 4/4
  2686 | D:5      | Entered Level 5 of the Dungeon
  3125 | D:4      | Found a burning altar of Makhleb.
  3257 | D:4      | Reached skill level 5 in Fighting
  3257 | D:4      | Reached skill level 5 in Long Blades
  3786 | D:5      | Reached XP level 6. HP: 51/56 MP: 5/5
  3805 | D:5      | Found Goceett's Food Shoppe.
  3856 | D:5      | Found Elaom's Antique Armour Emporium.
  3885 | D:5      | Found a shadowy altar of Dithmenos.
  4048 | D:5      | Noticed Blork the orc
  4053 | D:5      | Killed Blork the orc
  4133 | D:5      | Found an iron altar of Okawaru.
  4194 | D:5      | Reached skill level 5 in Armour
  4194 | D:5      | Reached XP level 7. HP: 45/62 MP: 6/6
  4297 | D:5      | Found Veune's Antique Weapon Shop.
  4314 | D:5      | Bought an encrusted rapier for 216 gold pieces
  4314 | D:5      | Identified the cursed +0 rapier of the Priest {pierce, rC+ MR+ MP+9} (You bought it in a shop on level 5 of the Dungeon)
  4326 | D:5      | Found Xenun's Gadget Shoppe.
  4385 | D:5      | Found an ancient bone altar of Kikubaaqudgha.
  4386 | D:5      | Reached *** piety under Trog
  4505 | D:5      | Found Fonn's Distillery.
  4643 | D:6      | Reached skill level 5 in Dodging
  4700 | D:6      | Found a bloodstained altar of Trog.
  4812 | D:6      | Found a blossoming altar of Fedhas.
  4830 | D:6      | Reached XP level 8. HP: 50/71 MP: 7/7
  5233 | D:6      | Noticed Grinder
  5242 | D:6      | Paralysed by Grinder for 5 turns
  5255 | D:6      | Paralysed by Grinder for 7 turns
  5260 | D:6      | HP: 3/73 [Grinder (1)]
  5260 | D:6      | HP: 1/73 [shadow imp (2)]
  5260 | D:6      | Slain by a hound

Vault maps used:
D:1:      eino_arrival_druids_welcome, kennysheep_another_room,
          minmay_misc_feat_cross, minmay_close_crescents
D:2:      first_ration, st_stairs_13
D:3:      tso_altar
D:4:      bloody_makhleb
D:5:      kennysheep_mini_moat, kennysheep_vampire_church, okawaru_gym_becter,
          serial_shops, shop, nicolae_shop_statue_plus, shop, kennysheep_mini,
          shop, uniq_blork_the_orc
D:6:      lemuel_coloured_pillars_altar, bloody_trog, minmay_temple_entry_grid,
          nrook_mini_vaults, fedhas_altar_3, uniq_grinder

Skill      XL: |  1  2  3  4  5  6  7  8 |
---------------+-------------------------+-----
Fighting       | 4 5 6 7 |  7.0
Long Blades    | 4 5 6 7 |  7.0
Armour         | 3 4 5 6 |  6.5
Dodging        | 3 4 5 |  5.9

Action                   |  1- 3 |  4- 6 |  7- 9 || total
-------------------------+-------+-------+-------++-------
Melee: Falchion          |    56 |    91 |    88 ||   235
       Headbutt          |    15 |    17 |    29 ||    61
       Whip              |    50 |       |       ||    50
 Fire: Shortbow          |       |       |     4 ||     4
Invok: Berserk           |       |     1 |     2 ||     3
  Use: Scroll            |     5 |       |     1 ||     6
       Potion            |       |     1 |       ||     1
  Eat: Chunk             |     1 |     7 |     2 ||    10
       Ration            |       |     1 |     1 ||     2
Armor: Animal skin       |    26 |       |       ||    26
       Ring mail         |     4 |     2 |       ||     6
       Chain mail        |       |    40 |    55 ||    95
Dodge: Dodged            |    71 |    38 |    86 ||   195
       Rpst.: Falchion   |     6 |     6 |    19 ||    31

Table legend:
 A = Spawn XP
 B = Non-spawn XP
 C = Spawn XP percentage of total XP
 D = Spawn monster count
 E = Non-spawn monster count
 F = Spawn count percentage of total count
 G = Total turns spent on level
                    A         B        C        D         E        F      G
               +---------+---------+-------+---------+---------+-------+---------
         Total |       0 |    1853 |   0.0 |       0 |     102 |   0.0 |  5260
               +---------+---------+-------+---------+---------+-------+---------
           D:1 |       0 |      55 |   0.0 |       0 |      31 |   0.0 |   898
           D:2 |       0 |      47 |   0.0 |       0 |      17 |   0.0 |   831
           D:3 |       0 |      15 |   0.0 |       0 |       7 |   0.0 |   711
           D:4 |       0 |     211 |   0.0 |       0 |       8 |   0.0 |   928
           D:5 |       0 |     544 |   0.0 |       0 |      16 |   0.0 |  1160
           D:6 |       0 |     981 |   0.0 |       0 |      23 |   0.0 |   732
               +---------+---------+-------+---------+---------+-------+---------
